 Dungeon Crawl Stone Soup version 0.31-a0-175-g9f7f995f2b (webtiles) character file.

Game seed: 3935790165772848178

60636 qw the Marksgargoyle (level 15, -2/103 HPs)
             Began as a Gargoyle Hunter on June 16, 2023.
             Was an Elder of Okawaru.
             Slain by a slime creature (3 damage)
             ... on level 13 of the Dungeon.
             The game lasted 00:11:17 (18335 turns).

qw the Marksgargoyle (Gargoyle Hunter)             Turns: 18335, Time: 00:11:17

Health: -2/103     AC: 32    Str: 15    XL:     15   Next: 0%
Magic:  22/22      EV: 24    Int: 11    God:    Okawaru [****..]
Gold:   1219       SH:  5    Dex: 25    Spells: 14/14 levels left

rFire   . . .        b - +3 orcbow (drain)
rCold   . . .        (shield currently unavailable)
rNeg    + . .        a - +0 troll leather armour
rPois   inf          j - +0 helmet
rElec   +            w - +2 cloak {Stlth+}
rCorr   .            l - +2 pair of gloves
SInv    .            o - +0 pair of boots
Will    +....        v - amulet of reflection
Stlth   +++++        s - +6 ring of dexterity
HPRegen 1.17/turn    z - +4 ring of protection
MPRegen 0.18/turn

%: reflection
@: about to teleport, heroic, flying
A: sickness immunity, AC +11, big wings, negative energy resistance 1,
electricity resistance, torment resistance 1, petrification resistance
a: Renounce Religion, Heroism, Finesse


You were on level 13 of the Dungeon.
You worshipped Okawaru.
Okawaru was greatly pleased with you.
You visited 3 branches of the dungeon, and saw 19 of its levels.

You collected 1339 gold pieces.
You spent 120 gold pieces at shops.


Innate Abilities, Weirdness & Mutations

You are immune to sickness and miasma.
Your stone body is resilient. (AC +11)
You are immune to poison.
Your large and strong wings let you fly.
You resist negative energy. (rN+)
You are resistant to electric shocks. (rElec)
You are resistant to unholy torment.
You are immune to petrification.


   Skills:
 - Level 15.0(20.0) Fighting
 - Level 16.0(21.0) Ranged Weapons
 - Level 9.0(14.0) Armour
 + Level 9.0(14.0) Dodging
 - Level 1.1(6.1) Stealth
 - Level 10.0 Invocations


You had 14 spell levels left.
You didn't know any spells.
Your spell library was empty.

Inventory:

Hand Weapons
 b - a +3 orcbow of draining (weapon)
 t - a +0 orcbow
 y - the +5 sling "Osipuar" {elec, rC+ Will++ Int+3 Dex-2}
   (Okawaru gifted it to you on level 10 of the Dungeon)

   Int:       It affects your intelligence (+3).
   Dex:       It affects your dexterity (-2).
   rC:        It protects you from cold.
   Will:      It greatly increases your willpower.
Armour
 a - a +0 troll leather armour (worn)
 c - +0 acid dragon scales
 j - a +0 helmet (worn)
 l - a +2 pair of gloves (worn)
 n - a +1 leather armour of cold resistance
 o - a +0 pair of boots (worn)
 w - a +2 cloak of stealth (worn)
 x - a +0 ring mail of fire resistance
Jewellery
 s - a +6 ring of dexterity (left hand)
 v - an amulet of reflection (around neck)
 z - a +4 ring of protection (right hand)
Scrolls
 k - 10 scrolls of identify
 p - 5 scrolls of teleportation
Potions
 d - a potion of magic {unknown}
 e - 4 potions of attraction
 f - 6 potions of lignification
 g - 3 potions of heal wounds
 h - 4 potions of mutation
 i - 8 potions of curing
 m - a potion of haste
 q - 2 potions of might
 u - a potion of resistance

Dungeon Overview and Level Annotations

Branches:
Dungeon (13/15)            Temple (1/1) D:5            Lair (5/5) D:8
 Shoals (0/4) Lair:3        Snake (0/4) Lair:3        Slime (0/5) Lair:5
    Orc (0/2) D:11
 Vaults: D:13-14

Altars:
Ashenzari
Cheibriados
Dithmenos
Elyvilon
Fedhas
Gozag
Hepliaklqana
Kikubaaqudgha
Makhleb
Nemelex Xobeh
Okawaru
Qazlal
Ru
Sif Muna
Trog
Uskayaw
Vehumet
Wu Jian
Xom
Yredelemnul
Zin
The Shining One
Jiyva

Shops:
D:1 :   D:3 !   D:5 (

Portals:
Trove: D:12 (lose all piety)

Annotations:
D:3 3 runed translucent doors, qw's ghost, amateur GrHu
D:7 3 runed translucent doors, qw's ghost, novice GrFi
D:10 1 runed translucent door, qw's ghost, journeyman GrFi
D:12 exclusion: deep elf pyromancer
D:13 1 runed translucent door, Leinaam's ghost, journeyman MiBe
Lair:2 2 runed translucent doors, qw's ghost, journeyman NaHu
Lair:4 3 runed translucent doors, Nubia's ghost, journeyman GnEn


Message History

Two slime creatures merge to form a large slime creature.
You shoot an arrow. The arrow hits the meliai.
The meliai is severely wounded.
The meliai barely misses you. The meliai misses you.
You shoot an arrow. The arrow hits the meliai.
The meliai is almost dead.
The meliai hits you with a +0 broad axe.
The meliai closely misses you.
A slime creature comes into view.
You shoot an arrow.
The arrow hits the large slime creature!
You drain the large slime creature.
The large slime creature is lightly wounded.
You shoot an arrow.
The arrow hits the large slime creature.
You drain the large slime creature.
The large slime creature is moderately wounded.
The meliai calls down the wrath of its god upon you.
Something smites you!
A large slime creature splits.
You shoot an arrow. The arrow hits the slime creature!
You drain the slime creature.
The slime creature is heavily wounded.
You shoot an arrow. The arrow hits the slime creature!
The slime creature is severely wounded.
The slime creature misses you.
The slime creature completely misses you.
You shoot an arrow. The arrow hits the slime creature!
The slime creature is almost dead.
The meliai invokes the aid of its god against you.
Something smites you!
The meliai invokes the aid of its god against you.
Something smites you!
The slime creature hits you but does no damage.
You block the slime creature's attack.
18335 ||| READING 6 scrolls of teleportation.
As you read the scroll of teleportation, it crumbles to dust.
You feel strangely unstable.
The meliai mumbles some strange prayers to its god against you.
Something smites you! The slime creature hits you.
You die...

?:[ .~.# .~.# yy .~.# .
(~W# ##. #+### #y~
....# #y# ..)<## #J##
#....# #J@# ####.# #~~#
####'##### #~~#
.........# ###~######
.........# #..~##~~~##
.........# #..~~~~~~~~
.........# #..........
.........# #..........
.........####<)........


You could see 2 slime creatures and 2 meliai.

Vanquished Creatures
  A fire dragon (Lair:5)
  8 hydras
  2 catoblepae
  A centaur warrior (D:13)
  5 two-headed ogres
  3 boulder beetles
  6 death yaks
  A skyshark (Lair:5)
  A swamp dragon (Lair:5)
  A bog body (D:12)
  2 ugly things
  A deep elf pyromancer (D:12)
  4 cyclopes
  2 manticores (D:12)
  Joseph (D:9)
  2 black mambas (Lair:4)
  2 torpor snails
  A gargoyle (D:11)
  4 rime drakes
  11 cane toads
  2 kobold demonologists
  2 ice devils (D:12)
  8 komodo dragons
  2 trolls
  A meliai (D:13)
  12 polar bears
  29 blink frogs
  2 raiju (Lair:5)
  A slime creature (D:13)
  A vampire (D:12)
  2 wyverns
  3 wraiths
  2 steam dragons (Lair:1)
  42 yaks
  3 basilisks (Lair:5)
  6 wargs (Lair:5)
  10 vampire mosquitoes
  4 nagas (Lair:3)
  An acid dragon (Lair:5)
  13 water moccasins
  13 hell hounds (Lair:5)
  3 swamp drakes (Lair:5)
  7 orc warriors
  16 black bears
  3 ice beasts
  10 centaurs
  3 ogres
  36 wolves
  A phantom (D:4)
  2 kobold brigands (D:9)
  11 bullfrogs
  A gnoll sergeant (D:12)
  2 scorpions
  12 wights
  An elephant simulacrum (D:12)
  4 killer bees (D:9)
  6 howler monkeys
  3 hounds
  5 jellies
  5 orc priests (D:11)
  2 sleepcaps
  5 iguanas
  4 orc wizards
  A troll simulacrum (D:12)
  A wolf simulacrum (D:12)
  6 adders
  3 gnolls (D:12)
  A shadow imp (D:5)
  A white imp (D:12)
  8 worms
  2 dart slugs (D:2)
  48 orcs
  4 ball pythons
  4 bats
  7 endoplasms
  7 giant cockroaches
  5 goblins
  6 hobgoblins
  7 jackals (D:2)
  3 quokkas
  5 frilled lizards
  13 kobolds
  3 rats
  2 butterflies (D:9)
497 creatures vanquished.

Notes
Turn   | Place    | Note
-------+----------+-------------------------------------------
     0 | D:1      | qw the Gargoyle Hunter began the quest for the Orb.
     0 | D:1      | Reached XP level 1. HP: 12/12 MP: 1/1
     0 | D:1      | 0 ||| qw: Version: 0.2-a-29-g511e9b1
     0 | D:1      | 0 ||| qw: Game counter: 5721
     0 | D:1      | 0 ||| qw: Always use a shield: true
     0 | D:1      | 0 ||| qw: God list: Okawaru
     0 | D:1      | 0 ||| qw: Allow faded altars: false
     0 | D:1      | 0 ||| qw: Do Orc after D:15 true
     0 | D:1      | 0 ||| qw: Do second Lair branch before Depths: true
     0 | D:1      | 0 ||| qw: Lair rune preference: random
     0 | D:1      | 0 ||| qw: Plans: Normal, Zot:1-4, Slime:5, God:TSO, Crypt,
                  | Tomb, Abyss, Pan, Hells, Win
     0 | D:1      | 0 ||| PLANNING D:1-11
    88 | D:1      | Found Ykhleng's Book Boutique.
   239 | D:1      | Reached XP level 2. HP: 17/17 MP: 2/2
   697 | D:1      | 697 ||| DROPPING scroll of butterflies.
   762 | D:2      | Reached skill level 5 in Ranged Weapons
   762 | D:2      | Reached XP level 3. HP: 21/21 MP: 3/3
   944 | D:2      | 944 ||| FLEEEEING.
   945 | D:2      | 945 ||| FLEEEEING.
   946 | D:2      | 946 ||| FLEEEEING.
   947 | D:2      | 947 ||| FLEEEEING.
   948 | D:2      | 948 ||| FLEEEEING.
   949 | D:2      | 949 ||| FLEEEEING.
   950 | D:2      | 950 ||| FLEEEEING.
   951 | D:2      | 951 ||| FLEEEEING.
   952 | D:2      | 952 ||| FLEEEEING.
   953 | D:2      | 953 ||| FLEEEEING.
   954 | D:2      | 954 ||| FLEEEEING.
   955 | D:2      | 955 ||| FLEEEEING.
   957 | D:2      | 957 ||| FLEEEEING.
   958 | D:2      | 958 ||| FLEEEEING.
   959 | D:2      | 959 ||| FLEEEEING.
  1001 | D:2      | Reached skill level 3 in Fighting
  1059 | D:2      | Reached XP level 4. HP: 26/28 MP: 4/4
  1300 | D:2      | You fall into a shaft and drop 1 floor!
  1300 | D:3      | Found a hide-covered altar of Uskayaw.
  1466 | D:3      | Found a sacrificial altar of Ru.
  1477 | D:3      | Found a runed translucent gate.
  1477 | D:3      | Found a runed translucent gate.
  1477 | D:3      | Found a runed translucent gate.
  1480 | D:3      | Noticed qw's ghost (amateur GrHu)
  1481 | D:3      | Noticed a kobold brigand
  1669 | D:3      | 1669 ||| UPGRADING to +0 helmet.
  1674 | D:3      | 1674 ||| READING 2 scrolls labelled DUBOH KEPHUGG.
  1675 | D:3      | 1675 ||| READING scroll labelled HOILUSH PELE.
  1679 | D:3      | 1679 ||| READING scroll labelled KESYIFET JEN WID.
  1680 | D:3      | 1680 ||| READING scroll labelled KUFIRU ICRIXOC.
  1681 | D:3      | 1681 ||| READING scroll labelled EGUPIE JIUTT.
  1682 | D:3      | 1682 ||| DROPPING scroll of noise.
  1791 | D:3      | 1791 ||| FLEEEEING.
  1792 | D:3      | 1792 ||| FLEEEEING.
  1793 | D:3      | 1793 ||| STAIRDANCE
  1847 | D:2      | Reached XP level 5. HP: 32/32 MP: 5/5
  2241 | D:2      | 2241 ||| READING scroll labelled SALAME IPNOU.
  2242 | D:2      | 2242 ||| READING scroll labelled ZATACK QEBAFEKLE.
  2335 | D:3      | Found Zotoh's Distillery.
  2413 | D:3      | 2413 ||| BUYING potion of attraction (30 gold).
  2413 | D:3      | Bought a potion of attraction for 30 gold pieces
  2413 | D:3      | 2413 ||| BUYING potion of curing (30 gold).
  2413 | D:3      | Bought a potion of curing for 30 gold pieces
  2413 | D:3      | 2413 ||| BUYING potion of curing (30 gold).
  2413 | D:3      | Bought a potion of curing for 30 gold pieces
  2413 | D:3      | 2413 ||| SHOPLISTING potion of haste (100 gold, have 54).
  2413 | D:3      | 2413 ||| BUYING potion of lignification (30 gold).
  2413 | D:3      | Bought a potion of lignification for 30 gold pieces
  2413 | D:3      | 2413 ||| SHOPLISTING potion of mutation (80 gold, have 24).
  2865 | D:3      | 2865 ||| DROPPING +6 ring of intelligence.
  2946 | D:4      | Reached skill level 6 in Ranged Weapons
  2968 | D:4      | Noticed a phantom
  2985 | D:4      | Killed a phantom
  3098 | D:4      | Noticed an ogre
  3105 | D:4      | Killed an ogre
  3106 | D:4      | Reached XP level 6. HP: 38/38 MP: 6/6
  3948 | D:4      | 3948 ||| UPGRADING to +0 pair of gloves.
  3953 | D:4      | 3953 ||| UPGRADING to +0 pair of boots.
  3958 | D:4      | 3958 ||| READING 2 scrolls labelled ICWETA CULI.
  3959 | D:4      | 3959 ||| READING 2 scrolls labelled RUNOUX MAALELUAM.
  4060 | D:4      | 4060 ||| DROPPING scroll of fear.
  4061 | D:4      | 4061 ||| DROPPING scroll of silence.
  4119 | D:5      | Entered Level 5 of the Dungeon
  4122 | D:5      | Noticed an ice beast
  4132 | D:5      | Killed an ice beast
  4168 | D:5      | Reached XP level 7. HP: 43/43 MP: 7/7
  4194 | D:5      | Reached skill level 7 in Ranged Weapons
  4217 | D:5      | Found Gehy's Antique Weapon Boutique.
  4316 | D:5      | Found a staircase to the Ecumenical Temple.
  4317 | D:5      | 4317 ||| PLANNING TEMPLE
  4322 | D:5      | 4322 ||| READING scroll labelled IGETEI NUABRU.
  4323 | D:5      | 4323 ||| READING scroll labelled JAULIE RURONN.
  4332 | Temple   | Entered the Ecumenical Temple
  4353 | Temple   | 4353 ||| PLANNING OKAWARU WORSHIP
  4414 | Temple   | Became a worshipper of Warmaster Okawaru
  4415 | Temple   | 4415 ||| PLANNING D:1-11
  4727 | D:5      | Found a blossoming altar of Fedhas.
  4779 | D:5      | 4779 ||| UPGRADING to +1 leather armour of cold resistance.
  4789 | D:5      | 4789 ||| DROPPING +0 leather armour.
  4790 | D:5      | 4790 ||| UPGRADING to +6 ring of dexterity.
  4791 | D:5      | 4791 ||| READING scroll labelled ZOM RUWKIQEIPP.
  4952 | D:6      | Reached skill level 8 in Ranged Weapons
  5249 | D:6      | Reached XP level 8. HP: 48/48 MP: 8/8
  5252 | D:6      | 5252 ||| FLEEEEING.
  5253 | D:6      | 5253 ||| FLEEEEING.
  5254 | D:6      | 5254 ||| FLEEEEING.
  5255 | D:6      | 5255 ||| FLEEEEING.
  5257 | D:6      | 5257 ||| FLEEEEING.
  5258 | D:6      | 5258 ||| FLEEEEING.
  5259 | D:6      | 5259 ||| FLEEEEING.
  5260 | D:6      | 5260 ||| FLEEEEING.
  5261 | D:6      | 5261 ||| FLEEEEING.
  5263 | D:6      | 5263 ||| FLEEEEING.
  5264 | D:6      | 5264 ||| FLEEEEING.
  5265 | D:6      | 5265 ||| FLEEEEING.
  5266 | D:6      | 5266 ||| FLEEEEING.
  5267 | D:6      | 5267 ||| FLEEEEING.
  5269 | D:6      | 5269 ||| FLEEEEING.
  5270 | D:6      | 5270 ||| FLEEEEING.
  5271 | D:6      | 5271 ||| FLEEEEING.
  5272 | D:6      | 5272 ||| FLEEEEING.
  5273 | D:6      | 5273 ||| FLEEEEING.
  5274 | D:6      | 5274 ||| FLEEEEING.
  5275 | D:6      | 5275 ||| FLEEEEING.
  5276 | D:6      | 5276 ||| FLEEEEING.
  5277 | D:6      | 5277 ||| FLEEEEING.
  5278 | D:6      | 5278 ||| FLEEEEING.
  5279 | D:6      | 5279 ||| FLEEEEING.
  5280 | D:6      | 5280 ||| FLEEEEING.
  5281 | D:6      | 5281 ||| FLEEEEING.
  5282 | D:6      | 5282 ||| STAIRDANCE
  5315 | D:5      | 5315 ||| READING 7 scrolls of identify.
  5315 | D:5      | 5315 ||| IDENTIFYING viscous silvery potion
  5316 | D:5      | 5316 ||| READING 6 scrolls of identify.
  5316 | D:5      | 5316 ||| IDENTIFYING fizzy blue potion
  5317 | D:5      | 5317 ||| READING 5 scrolls of identify.
  5317 | D:5      | 5317 ||| IDENTIFYING dark potion
  5318 | D:5      | 5318 ||| READING 4 scrolls of identify.
  5318 | D:5      | 5318 ||| IDENTIFYING metallic pink potion
  5319 | D:5      | 5319 ||| READING 3 scrolls of identify.
  5319 | D:5      | 5319 ||| IDENTIFYING emerald potion
  5320 | D:5      | 5320 ||| READING 2 scrolls of identify.
  5320 | D:5      | 5320 ||| IDENTIFYING green potion
  5321 | D:5      | 5321 ||| DROPPING potion of brilliance.
  5322 | D:5      | 5322 ||| DROPPING potion of invisibility.
  5323 | D:5      | 5323 ||| DROPPING potion of ambrosia.
  5326 | D:6      | 5326 ||| STAIRDANCE
  5329 | D:5      | Reached * piety under Okawaru
  5435 | D:6      | 5435 ||| INVOKING Heroism.
  5459 | D:6      | 5459 ||| READING scroll of enchant armour.
  5459 | D:6      | 5459 ||| ENCHANTING +0 pair of gloves.
  5824 | D:6      | 5824 ||| UPGRADING to +0 cloak.
  5829 | D:6      | 5829 ||| READING scroll labelled JETHRI LUCWE.
  5829 | D:6      | Identified a scroll of acquirement
  5829 | D:6      | 5829 ||| ACQUIRING +2 orcbow of draining
  5829 | D:6      | Acquired a +2 orcbow of draining
  5831 | D:6      | 5831 ||| UPGRADING to +2 orcbow of draining.
  5854 | D:7      | Reached skill level 1 in Invocations
  5876 | D:7      | Reached skill level 9 in Ranged Weapons
  5908 | D:7      | 5908 ||| INVOKING Heroism.
  5919 | D:7      | Reached skill level 3 in Dodging
  5919 | D:7      | Reached skill level 3 in Invocations
  5995 | D:7      | Noticed qw's ghost (novice GrFi)
  5996 | D:7      | Found a runed translucent gate.
  5997 | D:7      | Found a runed translucent gate.
  6002 | D:7      | Noticed a shadow
  6012 | D:7      | Found a runed translucent gate.
  6029 | D:7      | Reached ** piety under Okawaru
  6064 | D:7      | Reached skill level 6 in Fighting
  6064 | D:7      | Reached XP level 9. HP: 41/55 MP: 10/12
  6646 | D:7      | 6646 ||| READING scroll labelled CEUWAP TIUVABB.
  6682 | D:7      | 6682 ||| READING 3 scrolls of identify.
  6682 | D:7      | 6682 ||| IDENTIFYING puce potion
  6683 | D:7      | 6683 ||| READING 2 scrolls of identify.
  6683 | D:7      | 6683 ||| IDENTIFYING fizzy sapphire potion
  6684 | D:7      | 6684 ||| DROPPING potion of enlightenment.
  6749 | D:8      | 6749 ||| INVOKING Heroism.
  6768 | D:8      | Identified the +5 quarterstaff "Siyvin" {venom, rElec rPois
                  | Dex+4}
  6775 | D:8      | Reached skill level 10 in Ranged Weapons
  6778 | D:8      | Reached skill level 3 in Armour
  6779 | D:8      | Found a staircase to the Lair.
  6780 | D:8      | 6780 ||| INVOKING Heroism.
  6991 | D:8      | Noticed a two-headed ogre
  6992 | D:8      | 6992 ||| INVOKING Heroism.
  7001 | D:8      | Killed a two-headed ogre
  7001 | D:8      | Reached *** piety under Okawaru
  7002 | D:8      | Reached XP level 10. HP: 57/63 MP: 11/13
  7556 | D:8      | 7556 ||| PLANNING LAIR
  7556 | D:8      | 7556 ||| DROPPING ring of wizardry.
  7557 | D:8      | 7557 ||| READING scroll labelled UNWALI OMAECE.
  7558 | D:8      | 7558 ||| READING scroll labelled LAXZOI TYICH.
  7559 | D:8      | 7559 ||| READING scroll labelled WUUHUDW MAUSM.
  7560 | D:8      | 7560 ||| READING 3 scrolls of identify.
  7560 | D:8      | 7560 ||| IDENTIFYING sedimented green potion
  7561 | D:8      | 7561 ||| DROPPING potion of degeneration.
  7595 | Lair:1   | Entered Level 1 of the Lair of Beasts
  7614 | Lair:1   | 7614 ||| READING scroll of enchant armour.
  7614 | Lair:1   | 7614 ||| ENCHANTING +1 pair of gloves.
  7629 | Lair:1   | Noticed a cane toad
  7630 | Lair:1   | 7630 ||| INVOKING Heroism.
  7636 | Lair:1   | Killed a cane toad
  7643 | Lair:1   | Reached skill level 11 in Ranged Weapons
  7657 | Lair:1   | Reached **** piety under Okawaru
  7664 | Lair:1   | 7664 ||| INVOKING Heroism.
  7672 | Lair:1   | 7672 ||| Stepping ~*~*~tactically~*~*~ (cloud).
  7676 | Lair:1   | 7676 ||| Stepping ~*~*~tactically~*~*~ (cloud).
  7677 | Lair:1   | 7677 ||| Stepping ~*~*~tactically~*~*~ (cloud).
  7762 | Lair:1   | Noticed a cane toad
  7763 | Lair:1   | 7763 ||| INVOKING Heroism.
  7785 | Lair:1   | Killed a cane toad
  7794 | Lair:1   | 7794 ||| INVOKING Heroism.
  7795 | Lair:1   | 7795 ||| Stepping ~*~*~tactically~*~*~ (cloud).
  7797 | Lair:1   | 7797 ||| Stepping ~*~*~tactically~*~*~ (water).
  7987 | Lair:1   | 7987 ||| INVOKING Heroism.
  7998 | Lair:1   | Reached skill level 12 in Ranged Weapons
  8005 | Lair:1   | Reached skill level 6 in Invocations
  8200 | Lair:1   | Noticed a catoblepas
  8201 | Lair:1   | 8201 ||| INVOKING Heroism.
  8218 | Lair:1   | Killed a catoblepas
  8219 | Lair:1   | Reached XP level 11. HP: 57/68 MP: 14/16
  8374 | Lair:1   | 8374 ||| INVOKING Heroism.
  8556 | Lair:1   | 8556 ||| UPGRADING to +6 ring of strength.
  8557 | Lair:1   | 8557 ||| READING 2 scrolls of identify.
  8557 | Lair:1   | 8557 ||| IDENTIFYING grey potion
  8558 | Lair:1   | 8558 ||| DROPPING potion of berserk rage.
  8598 | Lair:2   | Noticed an eight-headed hydra
  8599 | Lair:2   | 8599 ||| INVOKING Heroism.
  8606 | Lair:2   | Killed an eight-headed hydra
  8651 | Lair:2   | Noticed a death yak
  8652 | Lair:2   | 8652 ||| INVOKING Heroism.
  8652 | Lair:2   | Noticed a death yak
  8653 | Lair:2   | Noticed a death yak
  8656 | Lair:2   | Killed a death yak
  8664 | Lair:2   | Killed a death yak
  8665 | Lair:2   | Reached skill level 13 in Ranged Weapons
  8679 | Lair:2   | Killed a death yak
  8679 | Lair:2   | Reached ***** piety under Okawaru
  8925 | Lair:2   | 8925 ||| INVOKING Heroism.
  9056 | Lair:2   | 9056 ||| INVOKING Heroism.
  9081 | Lair:2   | Reached skill level 9 in Invocations
  9158 | Lair:2   | 9158 ||| INVOKING Heroism.
  9161 | Lair:2   | Reached skill level 9 in Fighting
  9172 | Lair:2   | Noticed an eight-headed hydra
  9176 | Lair:2   | Killed an eight-headed hydra
  9273 | Lair:2   | 9273 ||| INVOKING Heroism.
  9290 | Lair:2   | Found a large runed translucent door.
  9290 | Lair:2   | Found a large runed translucent door.
  9294 | Lair:2   | Noticed qw's ghost (journeyman NaHu)
  9430 | Lair:2   | Noticed an eight-headed hydra
  9431 | Lair:2   | 9431 ||| INVOKING Heroism.
  9446 | Lair:2   | Killed an eight-headed hydra
 10574 | Lair:2   | 10574 ||| Stepping randomly (stuck).
 10638 | Lair:3   | 10638 ||| INVOKING Heroism.
 10643 | Lair:3   | Reached XP level 12. HP: 76/76 MP: 16/19
 10816 | Lair:3   | 10816 ||| INVOKING Heroism.
 10820 | Lair:3   | 10820 ||| Stepping ~*~*~tactically~*~*~ (outnumbered).
 10874 | Lair:3   | 10874 ||| INVOKING Heroism.
 10962 | Lair:3   | Reached skill level 14 in Ranged Weapons
 11022 | Lair:3   | Found a staircase to the Shoals.
 11024 | Lair:3   | 11024 ||| DROPPING +1 shortbow of freezing.
 11148 | Lair:3   | 11148 ||| INVOKING Heroism.
 11276 | Lair:3   | Found a staircase to the Snake Pit.
 11278 | Lair:3   | Noticed an eight-headed hydra
 11279 | Lair:3   | 11279 ||| INVOKING Heroism.
 11287 | Lair:3   | Killed an eight-headed hydra
 11292 | Lair:3   | Reached skill level 6 in Dodging
 11391 | Lair:3   | Identified the +6 flail of Umetus {flame, rC+ Int+4}
 11696 | Lair:3   | 11696 ||| UPGRADING to ring of willpower.
 11717 | Lair:4   | Noticed a death yak
 11718 | Lair:4   | 11718 ||| INVOKING Heroism.
 11719 | Lair:4   | 11719 ||| INVOKING Finesse.
 11727 | Lair:4   | Killed a death yak
 11772 | Lair:4   | Identified the +6 long sword of Accord {heavy, *Rage
                  | Fragile Dex+8 SInv}
 11802 | Lair:4   | Noticed a seven-headed hydra
 11803 | Lair:4   | 11803 ||| INVOKING Heroism.
 11808 | Lair:4   | Killed a seven-headed hydra
 11881 | Lair:4   | 11881 ||| INVOKING Heroism.
 11913 | Lair:4   | Identified the +4 halberd of the Ass {freeze, Str+2 Int+4
                  | Dex+2} (Okawaru gifted it to you on level 4 of the Lair of
                  | Beasts)
 11913 | Lair:4   | Received a gift from Okawaru
 11938 | Lair:4   | Reached skill level 15 in Ranged Weapons
 11960 | Lair:4   | Noticed a four-headed hydra
 11961 | Lair:4   | 11961 ||| INVOKING Heroism.
 11968 | Lair:4   | Killed a four-headed hydra
 12026 | Lair:4   | 12026 ||| INVOKING Heroism.
 12054 | Lair:4   | Reached XP level 13. HP: 82/82 MP: 20/20
 12066 | Lair:4   | Found a runed translucent gate.
 12066 | Lair:4   | Found a runed translucent gate.
 12066 | Lair:4   | Found a runed translucent gate.
 12076 | Lair:4   | Noticed an azure jelly
 12077 | Lair:4   | Noticed Nubia's ghost (journeyman GnEn)
 12077 | Lair:4   | Noticed a rockslime
 12077 | Lair:4   | Noticed an acid blob
 12077 | Lair:4   | Noticed an azure jelly
 12077 | Lair:4   | Noticed an acid blob
 12078 | Lair:4   | Noticed an acid blob
 12078 | Lair:4   | Noticed an acid blob
 12078 | Lair:4   | Noticed an azure jelly
 12078 | Lair:4   | Noticed an azure jelly
 12080 | Lair:4   | Noticed an acid blob
 12080 | Lair:4   | Noticed an azure jelly
 12088 | Lair:4   | 12088 ||| INVOKING Heroism.
 12096 | Lair:4   | Noticed an azure jelly
 12541 | Lair:4   | Found a viscous altar of Jiyva.
 13136 | Lair:5   | Entered Level 5 of the Lair of Beasts
 13147 | Lair:5   | Reached skill level 16 in Ranged Weapons
 13163 | Lair:5   | 13163 ||| INVOKING Heroism.
 13257 | Lair:5   | 13257 ||| INVOKING Heroism.
 13434 | Lair:5   | 13434 ||| INVOKING Heroism.
 13484 | Lair:5   | 13484 ||| INVOKING Heroism.
 13500 | Lair:5   | 13500 ||| INVOKING Heroism.
 13519 | Lair:5   | HP: 17/84 [polar bear (9)]
 13520 | Lair:5   | 13520 ||| READING 6 scrolls of teleportation.
 13521 | Lair:5   | 13521 ||| DRINKING 2 potions of heal wounds.
 13647 | Lair:5   | 13647 ||| Stepping ~*~*~tactically~*~*~ (water).
 13668 | Lair:5   | 13668 ||| INVOKING Heroism.
 13714 | Lair:5   | Noticed a fire dragon
 13715 | Lair:5   | 13715 ||| INVOKING Heroism.
 13716 | Lair:5   | 13716 ||| Stepping ~*~*~tactically~*~*~ (outnumbered).
 13738 | Lair:5   | Killed a fire dragon
 13778 | Lair:5   | Reached skill level 12 in Fighting
 13813 | Lair:5   | 13813 ||| Stepping ~*~*~tactically~*~*~ (water).
 13856 | Lair:5   | 13856 ||| INVOKING Heroism.
 13890 | Lair:5   | 13890 ||| INVOKING Heroism.
 13905 | Lair:5   | Reached skill level 6 in Armour
 14009 | Lair:5   | 14009 ||| INVOKING Heroism.
 14041 | Lair:5   | 14041 ||| INVOKING Heroism.
 14129 | Lair:5   | Found a staircase to the Slime Pits.
 14194 | Lair:5   | 14194 ||| INVOKING Heroism.
 14220 | Lair:5   | 14220 ||| INVOKING Heroism.
 14229 | Lair:5   | HP: 21/86 [cane toad (12)]
 14230 | Lair:5   | 14230 ||| READING 6 scrolls of teleportation.
 14230 | Lair:5   | HP: 7/87 [seven-headed hydra (8)]
 14231 | Lair:5   | 14231 ||| DRINKING 2 potions of heal wounds.
 14233 | Lair:5   | 14233 ||| DRINKING potion of heal wounds.
 14475 | Lair:5   | 14475 ||| INVOKING Heroism.
 14486 | Lair:5   | Gained mutation: Your large and strong wings let you fly.
                  | [Gargoyle growth]
 14486 | Lair:5   | Reached XP level 14. HP: 85/92 MP: 19/21
 14679 | Lair:5   | 14679 ||| INVOKING Heroism.
 14797 | Lair:5   | 14797 ||| READING scroll of enchant weapon.
 14797 | Lair:5   | 14797 ||| ENCHANTING +2 orcbow of draining.
 14832 | Lair:5   | 14832 ||| Stepping ~*~*~tactically~*~*~ (outnumbered).
 14834 | Lair:5   | 14834 ||| Stepping ~*~*~tactically~*~*~ (outnumbered).
 15068 | Lair:5   | 15068 ||| PLANNING D:1-11
 15068 | Lair:5   | 15068 ||| UPGRADING to amulet of reflection.
 15073 | Lair:5   | 15073 ||| READING 5 scrolls of identify.
 15073 | Lair:5   | 15073 ||| IDENTIFYING fuming silvery potion
 15173 | D:9      | Found a basalt altar of Yredelemnul.
 15200 | D:9      | Noticed Joseph
 15208 | D:9      | Killed Joseph
 15355 | D:9      | Found a shimmering altar of Xom.
 15363 | D:9      | 15363 ||| Stepping ~*~*~tactically~*~*~ (outnumbered).
 15370 | D:9      | Reached skill level 9 in Dodging
 15372 | D:9      | 15372 ||| Stepping ~*~*~tactically~*~*~ (outnumbered).
 15443 | D:9      | Found a snail-covered altar of Cheibriados.
 15479 | D:9      | Found an opulent altar of Gozag.
 15521 | D:9      | Found a shadowy altar of Dithmenos.
 15521 | D:9      | Found a bloodstained altar of Trog.
 15664 | D:9      | 15664 ||| DROPPING +2 leather armour of poison resistance.
 15672 | D:10     | Entered Level 10 of the Dungeon
 16062 | D:10     | Noticed qw's ghost (journeyman GrFi)
 16063 | D:10     | Found a runed translucent door.
 16094 | D:10     | Identified the +5 sling "Osipuar" {elec, rC+ Will++ Int+3
                  | Dex-2} (Okawaru gifted it to you on level 10 of the
                  | Dungeon)
 16094 | D:10     | Received a gift from Okawaru
 16429 | D:10     | 16429 ||| UPGRADING to +2 cloak of stealth.
 16439 | D:10     | 16439 ||| DROPPING +0 cloak.
 16440 | D:10     | 16440 ||| UPGRADING to +4 ring of protection.
 16442 | D:10     | 16442 ||| DROPPING +6 ring of strength.
 16443 | D:10     | 16443 ||| DROPPING ring of willpower.
 16573 | D:11     | Found a staircase to the Orcish Mines.
 17262 | D:11     | 17262 ||| PLANNING D
 17262 | D:11     | 17262 ||| UPGRADING to +0 troll leather armour.
 17272 | D:11     | 17272 ||| DROPPING +0 steam dragon scales.
 17306 | D:12     | Found an ornate altar of the Wu Jian Council.
 17318 | D:12     | 17318 ||| INVOKING Heroism.
 17319 | D:12     | 17319 ||| INVOKING Finesse.
 17320 | D:12     | 17320 ||| STAIRDANCE
 17466 | D:12     | 17466 ||| INVOKING Heroism.
 17467 | D:12     | 17467 ||| INVOKING Finesse.
 17680 | D:12     | 17680 ||| INVOKING Heroism.
 17681 | D:12     | 17681 ||| INVOKING Finesse.
 17760 | D:12     | 17760 ||| INVOKING Heroism.
 17867 | D:12     | Found a portal to a secret trove of treasure.
 17938 | D:12     | Found a sparkling altar of Nemelex Xobeh.
 17963 | D:12     | Reached skill level 15 in Fighting
 18026 | D:12     | 18026 ||| INVOKING Heroism.
 18058 | D:12     | 18058 ||| INVOKING Heroism.
 18075 | D:12     | 18075 ||| Stepping ~*~*~tactically~*~*~ (outnumbered).
 18077 | D:12     | 18077 ||| Stepping ~*~*~tactically~*~*~ (outnumbered).
 18079 | D:12     | 18079 ||| Stepping ~*~*~tactically~*~*~ (outnumbered).
 18089 | D:12     | 18089 ||| Stepping ~*~*~tactically~*~*~ (outnumbered).
 18106 | D:12     | 18106 ||| INVOKING Heroism.
 18241 | D:13     | Noticed Leinaam's ghost (journeyman MiBe)
 18241 | D:13     | Found a runed translucent door.
 18242 | D:13     | 18242 ||| PLANNING BAZAAR
 18246 | D:13     | 18246 ||| Stepping ~*~*~tactically~*~*~ (outnumbered).
 18249 | D:13     | 18249 ||| Stepping ~*~*~tactically~*~*~ (outnumbered).
 18309 | D:13     | 18309 ||| INVOKING Heroism.
 18311 | D:13     | 18311 ||| Stepping ~*~*~tactically~*~*~ (outnumbered).
 18326 | D:13     | Reached skill level 9 in Armour
 18326 | D:13     | Reached XP level 15. HP: 36/103 MP: 22/22
 18334 | D:13     | HP: 16/103 [meliai/divine providence (13)]
 18335 | D:13     | 18335 ||| READING 6 scrolls of teleportation.
 18335 | D:13     | HP: 1/103 [meliai/divine providence (8)]
 18335 | D:13     | Slain by a slime creature

Levels and vault maps discovered:
D:1:      dpeg_arrival_rooms_b, layout_loops_ring, serial_shops,
          nicolae_book_shop_shelving, minmay_misc_feat_nine_boxes
D:2:      layout_basic
D:3:      layout_basic, overflow_temple_1_default, mainiacjoe_overflow_alcove_2,
          gammafunk_ghost_nasty_kobolds, serial_shops,
          nicolae_shop_tiny_waterfront, serial_bayou, serial_bayou_shore_b,
          serial_bayou_pond_c, serial_bayou_shore_a, serial_bayou_lagoon_b,
          minmay_misc_feat_room, nicolae_wormholes
D:4:      layout_basic
D:5:      layout_rooms, general_overflow_altar,
          minmay_temple_entry_gardened_gates, serial_shops, shop
D:6:      layout_basic
D:7:      layout_loops_ring, gammafunk_ghost_split
D:8:      layout_loops_corners, david_lair_generic
D:9:      layout_cave_pools, slow_altar_1, gammafunk_temple_overflow_elements,
          lemuel_crystal_altar, grunt_gozag_statues, xom_butterflies,
          grunt_ministairs_3, statue_in_the_mist_lemuel, uniq_joseph
D:10:     layout_basic, hellmonk_ghost_happy_afterlife
D:11:     layout_gridville, david_orc_2, special_room [special_room_orc]
D:12:     dreamdust_isle_of_ice, layout_cave_pools, trove_entry_hex_spiral,
          hangedman_feature_mirror, corexii_leaking_fountain
D:13:     layout_roguey [special_room_orc], serial_shops, bzr_entry_dummy,
          ebering_ghost_reflecting_pool, lightli_minifort, uniq_sonja
Temple:   nicolae_temple_god_jail
Lair:1:   layout_loops_ring, guppyfry_lair_drakes
Lair:2:   layout_small_grid, ebering_ghost_disaster_area, nicolae_lair_lil_pond,
          st_stairs_5, serial_bayou_shore_b, serial_bayou_shore_b
Lair:3:   layout_regular_city, minmay_shoals_entry_centaurs,
          minmay_snake_entry_guardpost_small, minivault_25, serial_bayou_shore_b
Lair:4:   layout_gridlike, gammafunk_ghost_ooze, lemuel_fruit_tree,
          serial_bayou_shore_b
Lair:5:   hangedman_lair_caniforms_friends, layout_misc_corridors,
          guppyfry_lair_end_dragon, minmay_slime_entry_pillars

Skill      XL: |  1  2  3  4  5  6  7  8  9 10 11 12 13 14 |
---------------+-------------------------------------------+-----
Ranged Weapons | 5 6 8 9 10 12 13 15 16 | 16.0
Fighting       | 3 4 6 7 8 9 10 12 15 | 15.0
Armour         | 2 3 4 5 6 9 |  9.0
Dodging        | 2 3 5 6 8 9 |  9.0
Invocations    | 4 6 9 10 | 10.0
Stealth        | |  1.1

Action                     |  1- 3 |  4- 6 |  7- 9 | 10-12 | 13-15 || total
---------------------------+-------+-------+-------+-------+-------++-------
   Fire: Shortbow          |    87 |   175 |   111 |       |       ||   373
         Orcbow            |       |       |   138 |   512 |  1206 ||  1856
 Invoke: Heroism           |       |       |     5 |    24 |    24 ||    53
         Finesse           |       |       |       |     1 |     3 ||     4
    Use: Scroll            |       |     9 |    14 |     6 |     5 ||    34
         Potion            |       |       |       |       |     3 ||     3
 Armour: Leather armour    |    11 |    22 |    42 |    76 |   256 ||   407
         Troll leather arm |       |       |       |       |   112 ||   112
  Dodge: Dodged            |    12 |    34 |    73 |   181 |   992 ||  1292
  Block: Other             |       |       |       |       |    90 ||    90
         Reflection        |       |       |       |       |     5 ||     5

Table legend:
 A = Non-vault XP
 B = Vault XP
 C = Vault XP percentage of total XP
 D = Non-vault monster count
 E = Vault monster count
 F = Vault count percentage of total count
                 A         B        C        D         E       F
            +---------+---------+-------+---------+---------+-------
      Total |   59661 |   26962 |  31.1 |     339 |     156 |  31.5
            +---------+---------+-------+---------+---------+-------
        D:1 |      23 |       0 |   0.0 |      13 |       0 |   0.0
        D:2 |      84 |       0 |   0.0 |      31 |       0 |   0.0
        D:3 |      61 |      15 |  19.7 |      19 |       3 |  13.6
        D:4 |     274 |       0 |   0.0 |      13 |       0 |   0.0
        D:5 |     460 |       0 |   0.0 |      11 |       0 |   0.0
        D:6 |     667 |       0 |   0.0 |      15 |       0 |   0.0
        D:7 |    1135 |       0 |   0.0 |      20 |       0 |   0.0
        D:8 |    1429 |     660 |  31.6 |      12 |       4 |  25.0
        D:9 |    1678 |     675 |  28.7 |      13 |       6 |  31.6
       D:10 |    4002 |       0 |   0.0 |      21 |       0 |   0.0
       D:11 |    2468 |    1528 |  38.2 |       8 |      35 |  81.4
       D:12 |    6908 |    7165 |  50.9 |      24 |      20 |  45.5
       D:13 |    2086 |       0 |   0.0 |       8 |       0 |   0.0
     Lair:1 |    5232 |     857 |  14.1 |      26 |       4 |  13.3
     Lair:2 |    7323 |     147 |   2.0 |      14 |       1 |   6.7
     Lair:3 |    6162 |    1098 |  15.1 |      27 |       8 |  22.9
     Lair:4 |    8546 |       0 |   0.0 |      25 |       0 |   0.0
     Lair:5 |   11123 |   14817 |  57.1 |      39 |      75 |  65.8
            +---------+---------+-------+---------+---------+-------
